General information
- name: BNet
- type: Ladder team game (AT/RT)
- host: Battle.net
- saver: PORTALGIFTERBOY
map: FullScaleAssault
- players: 8
- length: 41:21
- speed: Fast
- version: 1.26 W3XP
- replay type: Public
» download(209 KB)
Players
team 1 (loser)

»
Lil_bow_WOW (
yellow | 23 APM | 844 actions | 36:51)
1 Priestess of the Moon
1 Trueshot Aura
» actions
| Assign group hotkey | 116 | |
| Basic commands | 19 | |
| Build / train | 35 | |
| Enter build submenu | 8 | |
| Enter hero's abilities submenu | 1 | |
| Right click | 340 | |
| Select / deselect | 86 | |
| Select group hotkey | 224 | |
| Use ability | 15 | |
844 total
» units
» buildings
| Altar of Elders | 1 | |
| Moon Well | 4 | |
| Tree of Life | 3 | |
8 total
» build order
00:11 Altar of Elders
00:14 Moon Well
09:50 Tree of Life
09:54 Moon Well
10:46 Moon Well
10:51 Moon Well
15:47 Tree of Life
26:23 Tree of Life

»
deflatemyballs (
red | 23 APM | 572 actions | 25:23)
3 Keeper of the Grove
2 Entangling Roots
1 Thorns Aura
» actions
| Basic commands | 19 | |
| Build / train | 77 | |
| Enter build submenu | 34 | |
| Enter hero's abilities submenu | 3 | |
| Remove unit from queue | 3 | |
| Right click | 176 | |
| Select / deselect | 213 | |
| Use ability | 47 | |
572 total
» units
| Wisp | 35 | |
| Archer | 4 | |
| Dryad | 10 | |
| Druid of the Claw | 9 | |
| Hippogryph | 4 | |
62 total
» upgrades
| Druid of the Claw Training | 2 | |
| Strength of the Wild | 1 | |
| Reinforced Hides | 2 | |
| Mark of the Claw | 1 | |
6 total
» buildings
| Moon Well | 7 | |
| Tree of Ages | 1 | |
| Altar of Elders | 1 | |
| Ancient of War | 1 | |
| Hunter's Hall | 2 | |
| Ancient of Lore | 4 | |
| Tree of Life | 1 | |
| Tree of Eternity | 1 | |
| Ancient Protector | 13 | |
| Ancient of Wind | 1 | |
32 total
» build order
01:21 Moon Well
01:34 Tree of Ages
01:47 Altar of Elders
03:00 Ancient of War
03:16 Hunter's Hall
03:23 Moon Well
04:21 Ancient of Lore
04:42 Moon Well
05:07 Ancient of Lore
05:18 Tree of Life
08:22 Tree of Eternity
08:31 Moon Well
08:37 Ancient Protector
09:09 Ancient of Lore
09:39 Ancient of Lore
10:11 Moon Well
11:14 Ancient Protector
11:19 Ancient Protector
11:28 Ancient Protector
11:33 Ancient Protector
11:37 Ancient Protector
16:05 Moon Well
18:00 Ancient Protector
18:24 Ancient Protector
18:50 Ancient of Wind
19:45 Ancient Protector
19:57 Ancient Protector
20:05 Ancient Protector
21:05 Ancient Protector
21:10 Ancient Protector
21:20 Moon Well
21:55 Hunter's Hall
SuckMyChode (
green | 81 APM | 3357 actions | 41:18)
10 Archmage
3 Summon Water Elemental
3 Brilliance Aura
1 Mass Teleport
3 Blizzard
» actions
| Assign group hotkey | 93 | |
| Basic commands | 150 | |
| Build / train | 164 | |
| ESC pressed | 7 | |
| Enter build submenu | 100 | |
| Enter hero's abilities submenu | 10 | |
| Give item / drop item | 5 | |
| Right click | 1194 | |
| Select / deselect | 442 | |
| Select group hotkey | 883 | |
| Use ability | 309 | |
3357 total
» units
| Peasant | 20 | |
| Footman | 6 | |
| Gryphon Rider | 11 | |
| Goblin Shredder | 3 | |
| Goblin Zeppelin | 6 | |
| Goblin Sapper | 4 | |
| Dragonhawk Rider | 2 | |
52 total
» upgrades
| Swords | 3 | |
| Armor | 3 | |
| Masonry | 3 | |
| Animal War Training | 1 | |
| Storm Hammers | 1 | |
| Lumber Harvesting | 2 | |
13 total
» buildings
| Altar of Kings | 2 | |
| Barracks | 1 | |
| Farm | 26 | |
| Keep | 10 | |
| Blacksmith | 3 | |
| Lumber Mill | 1 | |
| Arcane Vault | 3 | |
| Castle | 6 | |
| Gryphon Aviary | 8 | |
| Town Hall | 3 | |
| Scout Tower | 47 | |
| Guard Tower | 42 | |
152 total
» build order
01:07 Altar of Kings
01:08 Barracks
01:10 Farm
01:12 Farm
01:20 Farm
01:53 Keep
01:53 Keep
01:53 Keep
01:57 Farm
02:05 Blacksmith
02:09 Lumber Mill
02:28 Arcane Vault
04:34 Castle
04:34 Castle
04:34 Castle
04:41 Gryphon Aviary
04:43 Gryphon Aviary
04:45 Gryphon Aviary
06:11 Farm
06:15 Farm
07:07 Town Hall
07:09 Scout Tower
07:09 Scout Tower
07:10 Scout Tower
07:10 Scout Tower
07:40 Guard Tower
07:40 Guard Tower
07:53 Farm
07:55 Farm
10:15 Scout Tower
10:16 Scout Tower
10:17 Scout Tower
10:18 Scout Tower
10:18 Scout Tower
10:24 Scout Tower
10:48 Guard Tower
10:48 Guard Tower
11:34 Town Hall
11:36 Scout Tower
11:37 Scout Tower
11:37 Scout Tower
11:38 Scout Tower
11:38 Scout Tower
11:39 Scout Tower
11:39 Scout Tower
11:40 Scout Tower
11:40 Scout Tower
11:41 Scout Tower
11:42 Scout Tower
11:44 Scout Tower
13:10 Guard Tower
13:10 Guard Tower
13:10 Guard Tower
14:05 Scout Tower
14:10 Guard Tower
14:10 Guard Tower
14:11 Guard Tower
14:30 Keep
14:30 Keep
14:39 Scout Tower
14:39 Scout Tower
14:41 Scout Tower
14:44 Scout Tower
14:46 Scout Tower
14:47 Guard Tower
14:47 Guard Tower
15:39 Guard Tower
15:40 Guard Tower
16:51 Guard Tower
16:52 Guard Tower
18:27 Scout Tower
18:30 Scout Tower
18:31 Scout Tower
18:33 Scout Tower
18:35 Scout Tower
19:31 Guard Tower
19:31 Guard Tower
19:33 Scout Tower
19:37 Scout Tower
19:38 Scout Tower
19:38 Scout Tower
19:38 Scout Tower
19:40 Scout Tower
20:07 Guard Tower
20:10 Guard Tower
20:10 Guard Tower
20:11 Guard Tower
20:11 Guard Tower
20:24 Scout Tower
21:00 Guard Tower
21:00 Guard Tower
21:01 Scout Tower
21:02 Scout Tower
21:02 Scout Tower
21:03 Scout Tower
21:04 Scout Tower
21:08 Scout Tower
21:15 Scout Tower
21:37 Guard Tower
21:37 Guard Tower
21:37 Guard Tower
22:05 Keep
22:06 Keep
22:06 Gryphon Aviary
22:07 Gryphon Aviary
22:10 Gryphon Aviary
22:10 Gryphon Aviary
22:17 Gryphon Aviary
22:24 Farm
22:26 Farm
23:07 Farm
23:12 Farm
23:15 Farm
23:49 Farm
23:50 Farm
23:51 Farm
23:52 Farm
23:53 Farm
23:56 Farm
24:42 Arcane Vault
24:48 Blacksmith
25:45 Altar of Kings
26:18 Blacksmith
29:18 Town Hall
29:32 Castle
29:32 Castle
30:14 Arcane Vault
31:57 Farm
31:59 Farm
32:14 Farm
32:15 Farm
34:08 Farm
39:19 Farm
39:20 Farm
» items
| Scroll of Regeneration | 4 | |
| Mechanical Critter | 9 | |
| Lesser Clarity Potion | 1 | |
| Scroll of Town Portal | 2 | |
16 total
FUnny (
teal | 0 APM | 6 actions | 41:16)
team 2 (winner)

»
G0run3 (
pink | 34 APM | 913 actions | 26:59)
6 Blademaster
2 Critical Strike
3 Wind Walk
1 Bladestorm
5 Tauren Chieftain
2 War Stomp
3 Endurance Aura
» actions
| Assign group hotkey | 7 | |
| Basic commands | 1 | |
| Build / train | 58 | |
| Enter build submenu | 30 | |
| Enter hero's abilities submenu | 11 | |
| Give item / drop item | 2 | |
| Right click | 574 | |
| Select / deselect | 177 | |
| Select group hotkey | 13 | |
| Use ability | 40 | |
913 total
» units
| Peon | 16 | |
| Grunt | 8 | |
| Shaman | 5 | |
| Tauren | 3 | |
32 total
» upgrades
| Spiked Barricades | 1 | |
| Melee Weapons | 3 | |
| Armor | 2 | |
| Shaman Training | 2 | |
| Pulverize | 1 | |
9 total
» buildings
| Orc Burrow | 12 | |
| Altar of Storms | 1 | |
| War Mill | 1 | |
| Barracks | 1 | |
| Voodoo Lounge | 1 | |
| Great Hall | 5 | |
| Stronghold | 1 | |
| Fortress | 1 | |
| Spirit Lodge | 3 | |
| Tauren Totem | 2 | |
28 total
» build order
00:23 Orc Burrow
00:49 Altar of Storms
01:27 War Mill
01:37 Barracks
01:55 Orc Burrow
02:31 Orc Burrow
03:01 Voodoo Lounge
04:12 Orc Burrow
05:13 Great Hall
05:38 Great Hall
05:50 Stronghold
08:32 Fortress
08:57 Spirit Lodge
09:04 Spirit Lodge
09:09 Spirit Lodge
11:32 Tauren Totem
11:37 Tauren Totem
13:05 Orc Burrow
13:08 Orc Burrow
14:01 Orc Burrow
14:05 Orc Burrow
17:54 Great Hall
18:02 Great Hall
18:10 Great Hall
18:41 Orc Burrow
18:43 Orc Burrow
18:46 Orc Burrow
18:48 Orc Burrow
» items
| Healing Salve | 1 | |
| Scroll of Speed | 1 | |
2 total
MakeitRain (
orange | 54 APM | 1734 actions | 31:55)
5 Archmage
3 Summon Water Elemental
2 Brilliance Aura
6 Paladin
2 Holy Light
3 Devotion Aura
1 Resurrection
» actions
| Assign group hotkey | 115 | |
| Basic commands | 227 | |
| Build / train | 86 | |
| ESC pressed | 15 | |
| Enter build submenu | 25 | |
| Enter hero's abilities submenu | 11 | |
| Give item / drop item | 1 | |
| Remove unit from queue | 1 | |
| Right click | 396 | |
| Select / deselect | 438 | |
| Select group hotkey | 322 | |
| Use ability | 97 | |
1734 total
» units
| Peasant | 26 | |
| Footman | 6 | |
| Gryphon Rider | 12 | |
| Dragonhawk Rider | 5 | |
49 total
» upgrades
| Swords | 3 | |
| Animal War Training | 1 | |
| Plating | 1 | |
| Armor | 3 | |
| Storm Hammers | 1 | |
| Cloud | 1 | |
10 total
» buildings
| Farm | 14 | |
| Altar of Kings | 1 | |
| Barracks | 1 | |
| Lumber Mill | 1 | |
| Keep | 1 | |
| Arcane Vault | 1 | |
| Town Hall | 2 | |
| Blacksmith | 1 | |
| Scout Tower | 9 | |
| Guard Tower | 5 | |
| Castle | 3 | |
| Gryphon Aviary | 3 | |
42 total
» build order
00:05 Farm
00:05 Altar of Kings
00:23 Barracks
00:48 Farm
01:28 Lumber Mill
02:54 Farm
03:52 Keep
03:57 Arcane Vault
05:10 Town Hall
05:24 Blacksmith
05:37 Farm
06:29 Scout Tower
06:30 Scout Tower
06:31 Scout Tower
06:32 Scout Tower
06:35 Scout Tower
07:12 Scout Tower
07:13 Scout Tower
07:14 Scout Tower
07:17 Scout Tower
07:48 Guard Tower
08:07 Guard Tower
08:28 Castle
08:29 Castle
08:29 Castle
08:41 Guard Tower
09:04 Gryphon Aviary
09:39 Gryphon Aviary
09:45 Guard Tower
09:57 Guard Tower
10:28 Gryphon Aviary
10:33 Farm
10:34 Farm
10:35 Farm
10:36 Farm
12:55 Farm
13:55 Farm
13:57 Farm
13:58 Farm
17:58 Farm
17:59 Farm
28:50 Town Hall
» items
| Scroll of Town Portal | 3 | |
| Orb of Lightning | 1 | |
4 total
PORTALGIFTERBOY (
purple | 53 APM | 2197 actions | 41:21)
5 Blademaster
3 Wind Walk
2 Critical Strike
» actions
| Assign group hotkey | 77 | |
| Basic commands | 177 | |
| Build / train | 55 | |
| Enter build submenu | 22 | |
| Enter hero's abilities submenu | 5 | |
| Give item / drop item | 6 | |
| Remove unit from queue | 1 | |
| Right click | 870 | |
| Select / deselect | 227 | |
| Select group hotkey | 681 | |
| Use ability | 76 | |
2197 total
» units
| Peon | 13 | |
| Goblin Shredder | 1 | |
| Wind Rider | 8 | |
| Goblin Zeppelin | 1 | |
| Goblin Sapper | 1 | |
| Blue Dragon Whelp | 1 | |
| Blue Dragon | 1 | |
26 total
» upgrades
| Ranged Weapons | 2 | |
| Armor | 2 | |
| Reinforced Defenses | 1 | |
| Envenomed Spears | 1 | |
6 total
» buildings
| Altar of Storms | 2 | |
| Orc Burrow | 6 | |
| Stronghold | 3 | |
| Voodoo Lounge | 1 | |
| War Mill | 1 | |
| Beastiary | 5 | |
| Fortress | 2 | |
| Great Hall | 4 | |
| Watch Tower | 22 | |
46 total
» build order
00:11 Altar of Storms
00:25 Orc Burrow
01:33 Altar of Storms
02:05 Stronghold
02:05 Stronghold
02:10 Voodoo Lounge
02:16 War Mill
02:37 Orc Burrow
02:38 Orc Burrow
02:39 Orc Burrow
04:28 Beastiary
04:31 Beastiary
08:51 Fortress
08:51 Fortress
09:41 Great Hall
09:43 Watch Tower
09:44 Watch Tower
09:44 Watch Tower
09:45 Watch Tower
09:53 Watch Tower
09:58 Watch Tower
09:59 Watch Tower
10:38 Beastiary
10:46 Watch Tower
10:47 Watch Tower
10:48 Watch Tower
10:48 Watch Tower
12:34 Great Hall
13:29 Watch Tower
13:29 Watch Tower
13:58 Orc Burrow
13:58 Orc Burrow
15:40 Watch Tower
15:57 Beastiary
16:06 Watch Tower
16:08 Watch Tower
17:53 Great Hall
20:17 Great Hall
20:32 Stronghold
20:36 Beastiary
20:45 Watch Tower
20:47 Watch Tower
20:48 Watch Tower
21:37 Watch Tower
21:38 Watch Tower
» items
| Healing Salve | 2 | |
| Lesser Clarity Potion | 1 | |
| Staff of Teleportation | 1 | |
| Orb of Lightning | 2 | |
| Scroll of Town Portal | 3 | |
| Boots of Speed | 1 | |
10 total

»
lastdays (
blue | 43 APM | 1466 actions | 33:43)
5 Archmage
2 Summon Water Elemental
1 Brilliance Aura
2 Blizzard
» actions
| Basic commands | 33 | |
| Build / train | 91 | |
| Enter build submenu | 26 | |
| Enter hero's abilities submenu | 5 | |
| Remove unit from queue | 3 | |
| Right click | 805 | |
| Select / deselect | 457 | |
| Use ability | 46 | |
1466 total
» units
| Peasant | 12 | |
| Footman | 1 | |
| Rifleman | 2 | |
| Flying Machine | 45 | |
| Spell Breaker | 2 | |
| Goblin Shredder | 1 | |
| Siege Engine | 4 | |
67 total
» upgrades
| Gunpowder | 3 | |
| Lumber Harvesting | 1 | |
| Plating | 2 | |
| Flying Machine Bombs | 1 | |
| Flak Cannons | 1 | |
| Barrage | 1 | |
9 total
» buildings
| Altar of Kings | 1 | |
| Barracks | 2 | |
| Farm | 13 | |
| Blacksmith | 1 | |
| Arcane Vault | 1 | |
| Lumber Mill | 1 | |
| Keep | 1 | |
| Workshop | 2 | |
| Arcane Sanctum | 1 | |
| Town Hall | 1 | |
| Castle | 1 | |
25 total
» build order
00:15 Altar of Kings
00:24 Barracks
00:33 Farm
01:45 Farm
02:18 Blacksmith
02:22 Barracks
02:43 Arcane Vault
03:46 Lumber Mill
04:31 Farm
04:47 Farm
05:48 Keep
08:10 Workshop
08:15 Workshop
08:18 Arcane Sanctum
09:51 Town Hall
10:08 Farm
10:35 Farm
11:31 Farm
12:45 Castle
13:38 Farm
13:41 Farm
18:17 Farm
18:20 Farm
20:28 Farm
20:30 Farm
» items
Chat log
(00:06 / All) SuckMyChode: nice loadhack
(00:17 / All) Lil_bow_WOW: THANKS
(00:18 / All) PORTALGIFTERBOY: OH NO U DIDNT PLAYGIRL
(00:30 / All) Lil_bow_WOW: GG
(00:34 / All) Lil_bow_WOW: GREEN TKIN
(00:36 / All) Lil_bow_WOW: FUCKING DICK
(00:51 / All) SuckMyChode: yeah you're gonna eat shit
(00:54 / All) SuckMyChode: you're dead I tk
(01:10 / Allies) G0run3: i bet he isnt
(01:14 / Allies) MakeitRain: i agree
(01:17 / Allies) lastdays: nope
(01:19 / Allies) MakeitRain: FE to gryf cast
(01:49 / Allies) G0run3: grunt/lust/tauren
(02:08 / Allies) lastdays: i will spot on what up guys dont have
(02:11 / Allies) lastdays: not sure yet
(02:28 / All) PORTALGIFTERBOY: better show- game of thrones or breaking bad
(02:34 / All) SuckMyChode: breaking bad
(02:35 / All) SuckMyChode: by far
(02:35 / All) MakeitRain: Breaking bad
(02:42 / All) SuckMyChode: Orange knows what's up
(02:47 / All) MakeitRain: although i enjoy GoT
(02:54 / All) SuckMyChode: the books are better in every way
(03:04 / All) lastdays: ok i am going to have to see breaking bad i have never seen it but keep hearing bout it
(03:09 / All) SuckMyChode: it owns
(03:13 / All) MakeitRain: breakki
(03:27 / All) PORTALGIFTERBOY: it sounded stupid but its awesome
(04:24 / Allies) lastdays: wood
(04:45 / All) PORTALGIFTERBOY: }why the fock is my wc3 so dark
(04:56 / Allies) lastdays: turn lighting up
(05:31 / Allies) PORTALGIFTERBOY: clear that friend
(05:54 / Allies) MakeitRain: wood?
(06:00 / Allies) lastdays: i need wood
(06:04 / Allies) MakeitRain: i dot oo
(06:13 / Allies) PORTALGIFTERBOY: wyvern bat
(06:16 / Allies) PORTALGIFTERBOY: someone ge tmelee
(08:12 / Allies) MakeitRain: 100 wood anyone?
(10:03 / Allies) lastdays: lol i dont need gold i need wood
(10:10 / Allies) MakeitRain: me too fuck
(10:19 / Allies) MakeitRain: 2 wyvs
(11:02 / Allies) MakeitRain: lmao
(11:18 / All) MakeitRain: tragicl
(11:35 / Allies) lastdays: wood plz
(12:02 / Allies) MakeitRain: shittt..
(12:05 / Allies) G0run3: hope someone has aa
(12:11 / Allies) MakeitRain: getting hawks now
(12:20 / Allies) G0run3: purp go bats
(12:37 / Allies) MakeitRain: nic
(14:27 / Allies) MakeitRain: im getting cloud
(14:31 / Allies) PORTALGIFTERBOY: lets hit bottom
(15:22 / All) Lil_bow_WOW: ROFl
(15:35 / All) Lil_bow_WOW: i dont think he knows what to do
(15:45 / All) SuckMyChode: get level 6 and win
(15:55 / All) Lil_bow_WOW: im trying to teach him
(15:58 / All) Lil_bow_WOW: some kids just dont listen
(16:09 / Allies) MakeitRain: golld me
(16:10 / All) SuckMyChode: how could I learn anything from a player like you
(16:21 / All) Lil_bow_WOW: cause im #1 player on east
(16:22 / All) SuckMyChode: I don't take tips from anyone on your level
(16:24 / Allies) MakeitRain: pink gimme 1200 gold
(16:41 / All) Lil_bow_WOW: pink pro hacks
(16:48 / All) G0run3: lol
(16:52 / All) PORTALGIFTERBOY: how u know
(16:53 / Allies) MakeitRain: someone fucking give me gold
(16:59 / All) Lil_bow_WOW: he is cutre
(17:59 / All) Lil_bow_WOW: i need to take a shit brb
(18:09 / Allies) lastdays: lets do this
(18:17 / Allies) MakeitRain: then lets fucking go
(18:50 / Allies) MakeitRain: purps afk
(19:00 / Allies) MakeitRain: just go
(19:18 / Allies) lastdays: how the helll he gets around
(19:27 / Allies) MakeitRain: hes lvl 6
(19:33 / Allies) MakeitRain: hes using the lvl 6 abil
(20:41 / All) G0run3: gj green
(20:44 / All) G0run3: go for it bro
(20:49 / All) SuckMyChode: I'm
(22:35 / All) G0run3: happy green?
(22:40 / All) SuckMyChode: You lose
(22:51 / All) SuckMyChode: and I still have 2 other bases
(22:51 / All) G0run3: not quite
(22:54 / Allies) MakeitRain: really?
(22:57 / All) SuckMyChode: Yep
(22:58 / All) SuckMyChode: out
(23:03 / All) SuckMyChode: 197-201 now
(23:11 / All) G0run3: 2 other bases?
(23:13 / All) G0run3: oh no!
(23:23 / All) SuckMyChode: what do you have?
(23:25 / All) SuckMyChode: 0 bases
(23:29 / All) G0run3: an army
(23:33 / Allies) G0run3: dumbfuck
(23:35 / All) SuckMyChode: try getting on an island with it
(23:37 / All) G0run3: dumbfuck
(23:46 / All) SuckMyChode: try getting on an island with it, dumbfuck
(23:52 / All) G0run3: lol
(24:00 / All) G0run3: ill get a balloon
(24:06 / All) SuckMyChode: it'll get shot down on the cliffs
(24:09 / All) SuckMyChode: and you will lose every unit
(24:10 / All) SuckMyChode: for free
(24:19 / All) deflatemyballs: congratulations pink you barely won 2vs4
(24:26 / All) MakeitRain: barely?
(24:27 / All) SuckMyChode: He didn't win
(24:31 / Allies) lastdays: purp
(24:33 / All) G0run3: i not the one talking
(24:36 / All) Lil_bow_WOW: u guys still going at it
(25:04 / Allies) lastdays: what was that for purp
(25:11 / Allies) MakeitRain: hes being a tk fuck
(25:18 / All) deflatemyballs: oj you suck obamas hairy nuts
(25:24 / All) Lil_bow_WOW: purple buddys with green
(25:27 / All) MakeitRain: lmao
(25:57 / All) Lil_bow_WOW: pink how mad are u
(25:57 / All) Lil_bow_WOW: LOL
(26:05 / All) G0run3: not at all
(26:07 / All) Lil_bow_WOW: fucked up part
(26:13 / All) Lil_bow_WOW: im playing to duck around 2
(26:19 / All) Lil_bow_WOW: but u seem u want the win
(26:25 / All) SuckMyChode: You don't win either yellow
(26:34 / All) Lil_bow_WOW: i dont need to win
(26:35 / All) Lil_bow_WOW: im #1
(26:39 / All) SuckMyChode: I'm #1
(26:49 / All) Lil_bow_WOW: no no you are a nobody 40% player
(26:51 / All) G0run3: enjoy your night
(26:56 / All) Lil_bow_WOW: NOO
(26:58 / All) Lil_bow_WOW: DONT LEAVE
(27:01 / All) SuckMyChode: at wc3
(27:09 / All) Lil_bow_WOW: beleive me u are not
(27:10 / All) Lil_bow_WOW: im asian
(27:14 / All) SuckMyChode: you don't know who I am
(27:18 / All) Lil_bow_WOW: no one cares
(27:28 / All) Lil_bow_WOW: u dont know who iam either
(27:33 / All) SuckMyChode: A lot more do than about some self-proclaimed #1 player 2015 years after this game was active
(27:38 / All) SuckMyChode: you play for wins when the game is dead
(27:44 / All) SuckMyChode: I'm #1
(27:46 / All) Lil_bow_WOW: how do i play for wins
(27:49 / All) Lil_bow_WOW: when i afk on it
(27:49 / All) Lil_bow_WOW: LOL
(28:00 / All) Lil_bow_WOW: i have my 200-3 acc
(28:01 / All) SuckMyChode: you care about your ladder rank
(28:03 / All) Lil_bow_WOW: no one plays for wins
(28:07 / All) SuckMyChode: 200-3? nice hacks lol
(28:10 / All) Lil_bow_WOW: dumb nerd
(28:15 / All) Lil_bow_WOW: you speaking to a legend
(28:17 / All) Lil_bow_WOW: hacks..
(28:18 / All) Lil_bow_WOW: ROFL
(28:21 / All) SuckMyChode: even grubby couldn't go 200-3 legit
(28:24 / All) SuckMyChode: so yeah, that's hacks
(28:36 / All) Lil_bow_WOW: i beat him 1-2 times wcr
(28:44 / All) Lil_bow_WOW: now shush kid respect the legend
(28:45 / All) SuckMyChode: sure you did
(28:49 / All) SuckMyChode: what's your aka?
(28:59 / All) Lil_bow_WOW: dont need to speak to u anymore
(29:00 / All) SuckMyChode: yes
(29:07 / All) SuckMyChode: he keeps saying how he's #1 ranked on ladder
(29:12 / All) Lil_bow_WOW: you are a 40-50 percent trash hacker probably
(29:14 / All) SuckMyChode: but refuses to say who he is, he's a full of shit retard noob
(29:23 / All) Lil_bow_WOW: <
(29:30 / All) SuckMyChode: he's a loadhacker too
(29:35 / All) Lil_bow_WOW: LOL
(29:38 / All) PORTALGIFTERBOY: i hired the wrong god damn dragon
(29:39 / All) SuckMyChode: and drophacker if he really has that record on any account
(29:52 / All) Lil_bow_WOW: i have many accoutns
(30:11 / All) Lil_bow_WOW: capri_anderson
(30:12 / All) Lil_bow_WOW: etc
(30:23 / All) Lil_bow_WOW: green-car
(30:29 / All) SuckMyChode: 2-3
(30:31 / All) SuckMyChode: nice
(30:31 / All) Lil_bow_WOW: grub
(30:35 / All) SuckMyChode: statless account and a 2-3 one
(30:38 / All) SuckMyChode: you're a good player yellow
(30:51 / All) Lil_bow_WOW: profile the accoutns
(31:02 / All) Lil_bow_WOW: before u speak 40% virgin
(31:18 / All) Lil_bow_WOW: i can beat you guys very easy
(31:24 / All) Lil_bow_WOW: beleive me you will kill 0 units
(31:26 / All) SuckMyChode: in your dreams
(31:34 / All) Lil_bow_WOW: make game everyone here can obs?
(31:37 / All) Lil_bow_WOW: no mh cry?
(31:41 / All) PORTALGIFTERBOY: make it rain on ur mom son
(31:42 / All) SuckMyChode: I just 1v1ed you
(31:43 / All) SuckMyChode: in 4v4
(31:45 / All) SuckMyChode: and won
(31:48 / All) PORTALGIFTERBOY: does yellow even realize what we did this game lolz
(31:53 / All) SuckMyChode: no
(31:55 / All) SuckMyChode: he's a retard
(31:56 / All) Lil_bow_WOW: im what u call perfection
(32:00 / All) Lil_bow_WOW: i lose to none
(32:03 / All) Lil_bow_WOW: #1
(32:04 / All) Lil_bow_WOW: <
(32:08 / All) SuckMyChode: You lost to us
(32:09 / All) SuckMyChode: easy
(32:12 / All) Lil_bow_WOW: haha kodos
(32:14 / All) Lil_bow_WOW: :)
(32:14 / All) PORTALGIFTERBOY: he sounds like
(32:17 / All) PORTALGIFTERBOY: perfection
(32:17 / All) Lil_bow_WOW: you guys fans?
(32:18 / All) PORTALGIFTERBOY: that hacker
(32:23 / All) SuckMyChode: who we raped repeatedly before?
(32:25 / All) Lil_bow_WOW: maybe iam?
(33:22 / All) PORTALGIFTERBOY: bitch lol
(33:24 / All) PORTALGIFTERBOY: ur lucky im rusty
(33:29 / All) Lil_bow_WOW: that was pro purple
(33:35 / All) Lil_bow_WOW: something kodos would do honestly
(33:50 / All) PORTALGIFTERBOY: kodos is my brother. i would take a bullet for him
(33:56 / All) Lil_bow_WOW: LOL
(34:01 / All) Lil_bow_WOW: JOHN?
(34:06 / All) FUnny: KODO real number 1
(34:26 / All) Lil_bow_WOW: nvm none of u kids can be jon
(34:32 / All) Lil_bow_WOW: anyways gg hf
(34:34 / All) PORTALGIFTERBOY: i know who ur talking about
(34:36 / All) PORTALGIFTERBOY: georgetakei
(34:37 / All) Lil_bow_WOW: #1
(34:38 / All) Lil_bow_WOW: <<
(34:44 / All) SuckMyChode: I'm #1, you're nothing
(34:45 / All) FUnny: he means dan i think
(34:49 / All) SuckMyChode: Just some retard noob I rape on 4v4 all the time
(34:51 / All) Lil_bow_WOW: johnfrusticn-
(34:55 / All) PORTALGIFTERBOY: yes that guy
(34:55 / All) Lil_bow_WOW: gears-
(34:58 / All) PORTALGIFTERBOY: i know him too
(35:05 / All) Lil_bow_WOW: u guys dont know about pro players you no name 40
(35:10 / All) PORTALGIFTERBOY: lawl
(35:15 / All) PORTALGIFTERBOY: u wont even tell us ur alt fool
(35:17 / All) SuckMyChode: if believing that makes you feel better at night, pal
(35:18 / All) Lil_bow_WOW: whisper for solo im bored and down clown on some nerdgins
(35:29 / All) Lil_bow_WOW: DODGE
(35:32 / All) SuckMyChode: I just soloed you in 4v4
(35:33 / All) SuckMyChode: and I won
(35:34 / All) PORTALGIFTERBOY: takei/john let me play on his accounts u nigger
(35:35 / All) Lil_bow_WOW: LIL BOW WOW
(35:35 / All) FUnny: he thinks he's good because he can make 200-3 vs bots on an acct. OoOOOOoO
(35:37 / All) Lil_bow_WOW: 1
(35:49 / All) Lil_bow_WOW: lol bots
(36:01 / All) Lil_bow_WOW: gg oris
(36:03 / All) Lil_bow_WOW: pros
(36:11 / All) Lil_bow_WOW: im out to keep trollin battlenet pros
(36:12 / All) SuckMyChode: glad you acknowledge I'm your superior now
(36:16 / All) SuckMyChode: bye, scrub
(36:17 / All) Lil_bow_WOW: #1
(36:18 / All) Lil_bow_WOW: <
(36:20 / All) SuckMyChode: #1
(36:20 / All) SuckMyChode: <
(36:30 / All) Lil_bow_WOW: let me lag before i leave
(36:38 / All) Lil_bow_WOW: quick selfie how good iam
(36:39 / All) PORTALGIFTERBOY: terrific
(36:45 / All) Lil_bow_WOW: kk
(36:47 / All) Lil_bow_WOW: GG
(36:47 / All) Lil_bow_WOW: #1
(36:48 / All) Lil_bow_WOW: <
(36:51 / All) SuckMyChode: out, scrub
(37:17 / All) PORTALGIFTERBOY: give teal win?
(37:27 / All) FUnny: Noooooooo
(37:30 / All) SuckMyChode: Teal is 1-4
(37:33 / All) SuckMyChode: so we could give him the win
(37:34 / All) FUnny: yeah
(37:38 / All) FUnny: no i need some losses
(37:40 / All) FUnny: lol
(37:43 / All) SuckMyChode: I'm just glad that fag yellow left
(37:52 / All) SuckMyChode: aight, want to leave and I will then?
(38:05 / All) SuckMyChode: You have my word I'm 0-0 we're just tking
(38:12 / All) SuckMyChode: yeah
(38:13 / All) SuckMyChode: no kidding
(38:23 / All) SuckMyChode: We've raped him before if he's Perfection
(38:25 / All) SuckMyChode: a few times
(38:34 / All) PORTALGIFTERBOY: gotta check arcivhes
(38:38 / All) PORTALGIFTERBOY: see if he talked like that
(38:40 / All) PORTALGIFTERBOY: he talked similar
(39:01 / All) SuckMyChode: kk
(40:22 / All) SuckMyChode: Aight teal, you want the loss?
(40:26 / All) FUnny: ya
(41:02 / All) SuckMyChode: If you leave I will too
(41:06 / All) SuckMyChode: if not i'll kill every building
(41:10 / All) SuckMyChode: yeah he needs loss
(41:15 / All) PORTALGIFTERBOY: me?